 Dungeon Crawl Stone Soup version 0.31.0-11-ge490571c62 (webtiles) character file.

Game seed: 9470501696135274711

3 dialectric the Changeling (level 1, -1/16 HPs)
             Began as a Draconian Shapeshifter on Feb 4, 2024.
             Slain by a gnoll
             ... wielding a +0 spear
              (5 damage)
             ... on level 1 of the Dungeon.
             The game lasted 00:00:19 (102 turns).

dialectric the Changeling (Draconian Shapeshifter)   Turns: 102, Time: 00:00:20

Health: -1/16      AC:  4    Str: 16    XL:     1   Next: 41%
Magic:  1/1        EV: 12    Int: 10    God:
Gold:   18         SH:  0    Dex: 10    Spells: 0/0 levels left

rFire   . .          .
                       - Unarmed
rCold   . . .        (no shield)
rNeg    . . .        (body armour unavailable)
rPois   .            (helmet currently unavailable)
rElec   .            (cloak currently unavailable)
rCorr   .            (gloves currently unavailable)
SInv    .            (boots currently unavailable)
Will    .....        (no amulet)
Stlth   +            (no ring)
HPRegen 0.22/turn    (no ring)
MPRegen 0.07/turn

%: no passive effects
@: beast-form
A: beast (slay +1), AC +4, unfitting armour, cold-blooded
a: Begin Untransformation


You were on level 1 of the Dungeon.
You were a hulking beast.
You visited 1 branch of the dungeon, and saw 1 of its levels.

You collected 18 gold pieces.

Inventory:

Hand Weapons
 e - a +0 mace
Talismans
 b - a beast talisman
 c - a flux talisman
Scrolls
 d - a scroll of enchant armour {unknown}
 g - a scroll of blinking {unknown}
Potions
 a - a potion of lignification
 f - a potion of degeneration {unknown}


   Skills:
 + Level 1.1 Fighting
 * Level 1.7 Dodging
 - Level 3.0 Unarmed Combat
 + Level 3.2 Shapeshifting


You couldn't memorise any spells.
You didn't know any spells.
Your spell library was empty.

Dungeon Overview and Level Annotations

Branches:
Dungeon (1/15)

Altars:


Innate Abilities, Weirdness & Mutations

You are a hulking beast.
Your limbs bulge with bestial killing power. (Slay +1)
Your plain brown scales are hard. (AC +4)
You cannot fit into any form of body armour.
You are cold-blooded and may be slowed by cold attacks.


Message History

There are monsters nearby!
The giant cockroach bites you but does no damage.
You hit the giant cockroach.
You kill the giant cockroach!
The goblin misses you.
You hit the goblin. You tail-slap the goblin.
You kill the goblin!
No target in view!
No target in view!
No target in view!
No target in view!
No target in view!
No target in view!
f - a glowing amethyst potion You now have 8 gold pieces.
You see here a +0 dagger.
You now have 18 gold pieces (gained 10).
g - a scroll labelled DUMADO KEWA A gnoll comes into view.
It is wielding a +0 spear.
The gnoll shouts!
Found a puce potion.
A gnoll is nearby!
A gnoll is nearby!
A giant cockroach comes into view.
The gnoll hits you with a +0 spear.
You hit the gnoll but do no damage.
A jackal comes into view.
The gnoll hits you with a +0 spear.
You are too injured to fight recklessly!
You are too injured to fight recklessly!
You are too injured to fight recklessly!
You are too injured to fight recklessly!
You are too injured to fight recklessly!
Unknown command.
The gnoll hits you from afar with a +0 spear.
* * * LOW HITPOINT WARNING * * *
The jackal barks!
The gnoll attacks as it pursues you!
The gnoll hits you from afar with a +0 spear.
You die...

#.......# #.......#
#.......# #......)### ####
#.........## #..######
#.......)..### #........ #
#........#...###........
#...########.##.............
..!..h.B.g.h.....##.......>.
..................#....#..##
.....................#.##..#
......#.##########.#########
......#.# #.[#.........#..#
........# #.#...........#.#
......### ##.....#.#.....##
........ #......#.#...†..#
.(.. #......#.#......#


You could see a gnoll, a jackal and a giant cockroach.

Vanquished Creatures
  A giant cockroach (D:1)
  A goblin (D:1)
  A frilled lizard (D:1)
3 creatures vanquished.

Notes
Turn   | Place    | Note
-------+----------+-------------------------------------------
     0 | D:1      | dialectric the Draconian Shapeshifter began the quest for
                  | the Orb.
     0 | D:1      | Reached XP level 1. HP: 16/16 MP: 1/1
   102 | D:1      | Slain by a gnoll

Illustrated notes

Levels and vault maps discovered:
D:1:      matt_arrival_grand_opening, layout_rooms,
          shapermc_ecumenical_altar_totnotflames

Action                     || total
---------------------------++-------
  Melee: Unarmed           ||     5
         Tailslap          ||     1
 Armour: Skin              ||     6
  Dodge: Dodged            ||     1
